| TOP OF THE 1ST |
|
West Virginia Black Bears batting - Pitching for Brooklyn Cyclones : RHP Sandro Fibonacci
|
|
Pitching: RHP Sandro Fibonacci
|
|
|
Batting: RHB Mike Weeks
|
0-0: Ball 1-0: Swinging Strike 1-1: Ball 2-1: Ground out 6-3 (Groundball, 6, EV 85.0 MPH)
|
|
Batting: RHB Ryan LeSueur
|
0-0: Called Strike 0-1: Ball 1-1: Foul Ball, location: 2F 1-2: Ball 2-2: Foul Ball, location: 2F 2-2: Ground out 3-1 (Groundball, 34S, EV 84.4 MPH)
|
|
Batting: RHB Joe Bower
|
0-0: Ground out 6-3 (Groundball, 56, EV 106.9 MPH)
|
| Top of the 1st over - 0 runs, 0 hits, 0 errors, 0 left on base; West Virginia 0 - Brooklyn 0 |
| BOTTOM OF THE 1ST |
|
Brooklyn Cyclones batting - Pitching for West Virginia Black Bears : RHP Luis Flores
|
|
Pitching: RHP Luis Flores
|
|
|
Batting: LHB Matt Baker
|
0-0: Ball 1-0: Swinging Strike 1-1: Hit by Pitch
|
|
Batting: LHB Elmo Dreier
|
0-0: Ball 1-0: Ball 2-0: Swinging Strike 2-1: Fly out, F7 (Line Drive, 7, EV 91.9 MPH)
|
|
Batting: RHB Sang-ton Pak
|
0-0: Called Strike Matt Baker steals 2nd base (no throw) 0-1: Ball Matt Baker is caught stealing 3rd base 2-5 1-1: Ground out 4-3 (Groundball, 4, EV 77.5 MPH)
|
| Bottom of the 1st over - 0 runs, 0 hits, 0 errors, 0 left on base; West Virginia 0 - Brooklyn 0 |
| TOP OF THE 2ND |
|
West Virginia Black Bears batting - Pitching for Brooklyn Cyclones : RHP Sandro Fibonacci
|
|
Batting: LHB Dave Cook
|
0-0: Called Strike 0-1: Ball 1-1: Ground out 4-3 (Groundball, 4, EV 103.1 MPH)
|
|
Batting: RHB Erik Mulligan
|
0-0: Foul Ball, location: 2F 0-1: Foul Ball, location: 2F 0-2: Ball 1-2: Strikes out swinging
|
|
Batting: RHB Hugo Montemayor
|
0-0: Called Strike 0-1: Foul Ball, location: 2F 0-2: Ball 1-2: Ground out 6-3 (Groundball, 6, EV 88.8 MPH)
|
| Top of the 2nd over - 0 runs, 0 hits, 0 errors, 0 left on base; West Virginia 0 - Brooklyn 0 |
| BOTTOM OF THE 2ND |
|
Brooklyn Cyclones batting - Pitching for West Virginia Black Bears : RHP Luis Flores
|
|
Batting: RHB Bill Crogan
|
0-0: Foul Ball, location: 2F 0-1: Swinging Strike 0-2: Ball 1-2: Foul Ball, location: 2F 1-2: Strikes out swinging
|
|
Batting: RHB Prabhukumar Santhanakrishnan
|
0-0: Called Strike 0-1: Ball 1-1: Ball 2-1: Ground out 6-3 (Groundball, 6M, EV 83.1 MPH)
|
|
Batting: RHB Mike Mathews
|
0-0: Swinging Strike 0-1: Foul Ball, location: 2F 0-2: Ball 1-2: Ball 2-2: Ground out U3 (Groundball, 34, EV 91.2 MPH)
|
| Bottom of the 2nd over - 0 runs, 0 hits, 0 errors, 0 left on base; West Virginia 0 - Brooklyn 0 |
| TOP OF THE 3RD |
|
West Virginia Black Bears batting - Pitching for Brooklyn Cyclones : RHP Sandro Fibonacci
|
|
Batting: RHB Matt Derrien
|
0-0: Ball 1-0: Called Strike 1-1: Ball 2-1: Called Strike 2-2: Ground out 2-3 (Groundball, 13S, EV 70.6 MPH)
|
|
Batting: RHB Francisco Santos
|
0-0: Foul Ball, location: 2F 0-1: Fly out, F9 (Flyball, 9, EV 86.2 MPH)
|
|
Batting: SHB Nathan Clement
|
0-0: Called Strike 0-1: Swinging Strike 0-2: Strikes out swinging
|
| Top of the 3rd over - 0 runs, 0 hits, 0 errors, 0 left on base; West Virginia 0 - Brooklyn 0 |
| BOTTOM OF THE 3RD |
|
Brooklyn Cyclones batting - Pitching for West Virginia Black Bears : RHP Luis Flores
|
|
Batting: SHB Salvador Gomez
|
0-0: Ball 1-0: Foul Ball, location: 2F 1-1: Ball 2-1: Ball 3-1: Swinging Strike 3-2: Base on Balls
|
|
Batting: RHB Matt Tittle
|
0-0: Ball 1-0: Called Strike 1-1: Fielders Choice at 2nd, 4-6 (Groundball, 4, EV 85.0 MPH)
|
|
Batting: SHB Duri Chilemba
|
0-0: Called Strike 0-1: Called Strike 0-2: SINGLE (Groundball, 4S, EV 93.8 MPH) Matt Tittle to second
|
|
Batting: LHB Matt Baker
|
0-0: Called Strike 0-1: Called Strike 0-2: SINGLE (Groundball, 34D, EV 93.8 MPH) Matt Tittle to third Duri Chilemba to second
|
|
Batting: LHB Elmo Dreier
|
0-0: Ball 1-0: Ball Wild Pitch! Matt Tittle scores Duri Chilemba to third Matt Baker to second 2-0: Ball 3-0: Base on Balls
|
|
Batting: RHB Sang-ton Pak
|
0-0: Ball 1-0: Foul Ball, location: 2F 1-1: Ball 2-1: Foul Ball, location: 2F 2-2: Strikes out swinging
|
|
Batting: RHB Bill Crogan
|
0-0: Swinging Strike 0-1: Swinging Strike 0-2: Hit by Pitch Duri Chilemba scores Matt Baker to third Elmo Dreier to second
|
|
Batting: RHB Prabhukumar Santhanakrishnan
|
0-0: Ball 1-0: Foul Ball, location: 3F, Error on foul ball, E3 1-1: SINGLE (Groundball, 56D, EV 111.9 MPH) Matt Baker scores Elmo Dreier to third Bill Crogan to second Runner from 3rd tries for Home, SAFE, throw by LF to home
|
|
Batting: RHB Mike Mathews
|
0-0: Called Strike 0-1: SINGLE (Groundball, 56D, EV 111.9 MPH) Bill Crogan to third Prabhukumar Santhanakrishnan to second Runner from 3rd tries for Home, throw by LF and OUT! 7-2
|
| Bottom of the 3rd over - 4 runs, 4 hits, 1 error, 2 left on base; West Virginia 0 - Brooklyn 4 |
| TOP OF THE 4TH |
|
West Virginia Black Bears batting - Pitching for Brooklyn Cyclones : RHP Sandro Fibonacci
|
|
Batting: RHB Mike Weeks
|
0-0: Ball 1-0: Ball 2-0: Fly out, F7 (Flyball, 7S, EV 91.9 MPH)
|
|
Batting: RHB Ryan LeSueur
|
0-0: Ball 1-0: Swinging Strike 1-1: Called Strike 1-2: Ground out 5-3 (Groundball, 5, EV 103.8 MPH)
|
|
Batting: RHB Joe Bower
|
0-0: Foul Ball, location: 2F 0-1: Ball 1-1: Ground out 5-3 (Groundball, 56, EV 78.8 MPH)
|
| Top of the 4th over - 0 runs, 0 hits, 0 errors, 0 left on base; West Virginia 0 - Brooklyn 4 |
| BOTTOM OF THE 4TH |
|
Brooklyn Cyclones batting - Pitching for West Virginia Black Bears : RHP Luis Flores
|
|
Batting: SHB Salvador Gomez
|
0-0: Ball 1-0: Ground out 6-3 (Groundball, 6, EV 82.5 MPH)
|
|
Batting: RHB Matt Tittle
|
0-0: Foul Ball, location: 2F 0-1: Ball 1-1: SINGLE (Groundball, 13, EV 82.5 MPH) (infield hit)
|
|
Batting: SHB Duri Chilemba
|
0-0: Called Strike 0-1: Ball 1-1: Ball Wild Pitch! Matt Tittle to second 2-1: Swinging Strike 2-2: Strikes out swinging
|
|
Batting: LHB Matt Baker
|
0-0: Swinging Strike 0-1: Swinging Strike 0-2: Ball 1-2: Strikes out swinging
|
| Bottom of the 4th over - 0 runs, 1 hit, 0 errors, 1 left on base; West Virginia 0 - Brooklyn 4 |
| TOP OF THE 5TH |
|
West Virginia Black Bears batting - Pitching for Brooklyn Cyclones : RHP Sandro Fibonacci
|
|
Batting: LHB Dave Cook
|
0-0: Called Strike 0-1: Foul Ball, location: 2F 0-2: Ball 1-2: Strikes out swinging
|
|
Batting: RHB Erik Mulligan
|
0-0: Called Strike 0-1: Called Strike 0-2: Ball 1-2: Ball 2-2: Strikes out swinging
|
|
Batting: RHB Hugo Montemayor
|
0-0: Ball 1-0: Ball 2-0: Ball 3-0: Base on Balls
|
|
Batting: RHB Matt Derrien
|
0-0: Ball Hugo Montemayor is caught stealing 2nd base 2-4
|
| Top of the 5th over - 0 runs, 0 hits, 0 errors, 0 left on base; West Virginia 0 - Brooklyn 4 |
| BOTTOM OF THE 5TH |
|
Brooklyn Cyclones batting - Pitching for West Virginia Black Bears : RHP Luis Flores
|
|
Batting: LHB Elmo Dreier
|
0-0: Foul Ball, location: 2F 0-1: Foul Ball, location: 2F 0-2: Ball 1-2: Ball 2-2: Fly out, F9 (Flyball, 89D, EV 83.8 MPH)
|
|
Batting: RHB Sang-ton Pak
|
0-0: Ball 1-0: Called Strike 1-1: DOUBLE (Groundball, 5L, EV 110.6 MPH)
|
|
Batting: RHB Bill Crogan
|
0-0: Called Strike Sang-ton Pak is caught stealing 3rd base 2-5 0-1: Foul Ball, location: 2F 0-2: Foul Ball, location: 2F 0-2: Strikes out swinging
|
| Bottom of the 5th over - 0 runs, 1 hit, 0 errors, 0 left on base; West Virginia 0 - Brooklyn 4 |
| TOP OF THE 6TH |
|
West Virginia Black Bears batting - Pitching for Brooklyn Cyclones : RHP Sandro Fibonacci
|
|
Batting: RHB Matt Derrien
|
0-0: Called Strike 0-1: Ball 1-1: Fly out, F8 (Flyball, 8LM, EV 81.2 MPH)
|
|
Batting: RHB Francisco Santos
|
0-0: Ball 1-0: Ball 2-0: Ball 3-0: Called Strike 3-1: Fly out, F8 (Line Drive, 8LD, EV 96.2 MPH)
|
|
Batting: SHB Nathan Clement
|
0-0: Ball 1-0: Ground out 5-3 (Groundball, 56, EV 83.1 MPH)
|
| Top of the 6th over - 0 runs, 0 hits, 0 errors, 0 left on base; West Virginia 0 - Brooklyn 4 |
| BOTTOM OF THE 6TH |
|
Brooklyn Cyclones batting - Pitching for West Virginia Black Bears : RHP Luis Flores
|
|
Pitching: LHP Juan Hernandez
|
|
|
Batting: RHB Prabhukumar Santhanakrishnan
|
0-0: Called Strike 0-1: Swinging Strike 0-2: Foul Ball, location: 2F 0-2: Ball 1-2: Ball 2-2: Ball 3-2: Base on Balls
|
|
Batting: RHB Mike Mathews
|
0-0: Ball 1-0: Swinging Strike 1-1: Foul Ball, location: 2F 1-2: Ball 2-2: Foul Ball, location: 2F 2-2: Fly out, F9 (Line Drive, 9, EV 87.5 MPH)
|
|
Batting: SHB Salvador Gomez
|
Pickoff Play to 1st, Runner tries for 2nd, OUT after rundown. 0-0: Called Strike 0-1: Swinging Strike 0-2: Strikes out swinging
|
| Bottom of the 6th over - 0 runs, 0 hits, 0 errors, 0 left on base; West Virginia 0 - Brooklyn 4 |
| TOP OF THE 7TH |
|
West Virginia Black Bears batting - Pitching for Brooklyn Cyclones : RHP Sandro Fibonacci
|
|
Batting: RHB Mike Weeks
|
0-0: Swinging Strike 0-1: Ground out 5-3 (Groundball, 56, EV 86.2 MPH)
|
|
Batting: RHB Ryan LeSueur
|
0-0: Called Strike 0-1: Ball 1-1: Swinging Strike 1-2: Ball 2-2: Ball 3-2: Strikes out swinging
|
|
Batting: RHB Joe Bower
|
0-0: Swinging Strike 0-1: Ball 1-1: Swinging Strike 1-2: Strikes out swinging
|
| Top of the 7th over - 0 runs, 0 hits, 0 errors, 0 left on base; West Virginia 0 - Brooklyn 4 |
| BOTTOM OF THE 7TH |
|
Brooklyn Cyclones batting - Pitching for West Virginia Black Bears : LHP Juan Hernandez
|
|
Batting: RHB Matt Tittle
|
0-0: Foul Ball, location: 2F 0-1: Swinging Strike 0-2: Foul Ball, location: 2F 0-2: Strikes out swinging
|
|
Batting: SHB Duri Chilemba
|
0-0: Ball 1-0: Ball 2-0: SINGLE (Flyball, 9LS, EV 97.5 MPH)
|
|
Batting: LHB Matt Baker
|
0-0: Ball 1-0: Called Strike 1-1: Foul Ball, location: 2F 1-2: Ball 2-2: SINGLE (Groundball, 4D, EV 96.9 MPH) Duri Chilemba to second
|
|
Batting: LHB Elmo Dreier
|
0-0: Ball 1-0: Ball Wild Pitch! Duri Chilemba to third Matt Baker to second 2-0: DOUBLE (Groundball, 3D, EV 102.5 MPH) Duri Chilemba scores Matt Baker scores
|
|
Batting: RHB Sang-ton Pak
|
0-0: Ball 1-0: Called Strike 1-1: Ball 2-1: Ball 3-1: Base on Balls
|
|
Pitching: LHP Adam Clarke
|
|
|
Batting: RHB Bill Crogan
|
0-0: Ball Elmo Dreier steals 3rd base Sang-ton Pak to second 1-0: Called Strike 1-1: Ball 2-1: Foul Ball, location: 2F 2-2: Ball 3-2: Base on Balls
|
|
Batting: RHB Prabhukumar Santhanakrishnan
|
0-0: Foul Ball, location: 2F 0-1: Called Strike 0-2: Ball 1-2: Foul Ball, location: 2F 1-2: Ball 2-2: Ball 3-2: SINGLE (Line Drive, 89S, EV 108.8 MPH) Elmo Dreier scores Sang-ton Pak to third Bill Crogan to second
|
|
Batting: RHB Mike Mathews
|
0-0: Called Strike 0-1: Ball 1-1: Ball 2-1: Ball 3-1: SINGLE (Groundball, 6D, EV 98.8 MPH) Sang-ton Pak scores Bill Crogan to third Prabhukumar Santhanakrishnan to second
|
|
Batting: SHB Salvador Gomez
|
0-0: Ball 1-0: Called Strike 1-1: Fly out, F8 (Flyball, 8RD, EV 86.2 MPH)
|
|
Batting: RHB Matt Tittle
|
0-0: Ball 1-0: Ball 2-0: Foul Ball, location: 2F 2-1: Called Strike 2-2: Ball 3-2: Strikes out swinging
|
| Bottom of the 7th over - 4 runs, 5 hits, 0 errors, 3 left on base; West Virginia 0 - Brooklyn 8 |
| TOP OF THE 8TH |
|
West Virginia Black Bears batting - Pitching for Brooklyn Cyclones : RHP Sandro Fibonacci
|
|
Batting: LHB Dave Cook
|
0-0: Ball 1-0: Ball 2-0: Ball 3-0: Called Strike 3-1: Called Strike 3-2: Base on Balls
|
|
Pinch Hitting: LHB Norm Silveira-Wray
|
0-0: Foul Ball, location: 2F 0-1: Grounds into double play, 4-6-3 (Groundball, 4, EV 86.9 MPH)
|
|
Pinch Hitting: LHB Jesse Haught
|
0-0: SINGLE (Groundball, 4M, EV 105.6 MPH) (infield hit)
|
|
Pitching: RHP Justin Williams
|
|
|
Batting: RHB Matt Derrien
|
0-0: Ball 1-0: Called Strike 1-1: Ball 2-1: Foul Ball, location: 2F 2-2: Strikes out swinging
|
| Top of the 8th over - 0 runs, 1 hit, 0 errors, 1 left on base; West Virginia 0 - Brooklyn 8 |
| BOTTOM OF THE 8TH |
|
Brooklyn Cyclones batting - Pitching for West Virginia Black Bears : LHP Adam Clarke
|
|
Now at 3B: Zachery Loomis
|
|
|
Now at SS: Edwardo Tanchez
|
|
|
Batting: SHB Duri Chilemba
|
0-0: Ball 1-0: Called Strike 1-1: Ball 2-1: Foul Ball, location: 2F 2-2: Ball 3-2: Strikes out swinging
|
|
Batting: LHB Matt Baker
|
0-0: Called Strike 0-1: Ground out 5-3 (Groundball, 56, EV 81.2 MPH)
|
|
Batting: LHB Elmo Dreier
|
0-0: Called Strike 0-1: Ball 1-1: Ground out U3 (Groundball, 23, EV 81.9 MPH)
|
| Bottom of the 8th over - 0 runs, 0 hits, 0 errors, 0 left on base; West Virginia 0 - Brooklyn 8 |
| TOP OF THE 9TH |
|
West Virginia Black Bears batting - Pitching for Brooklyn Cyclones : RHP Justin Williams
|
|
Batting: RHB Francisco Santos
|
0-0: Fly out, F2 (Popup, 3SF, EV 78.8 MPH)
|
|
Pinch Hitting: SHB Jiong Qi
|
0-0: Ball 1-0: Ball 2-0: Called Strike 2-1: Ball 3-1: Ground out 4-3 (Groundball, 4, EV 90.6 MPH)
|
|
Batting: RHB Mike Weeks
|
0-0: Ball 1-0: Ground out 4-3 (Groundball, 4, EV 89.4 MPH)
|
| Top of the 9th over - 0 runs, 0 hits, 0 errors, 0 left on base; West Virginia 0 - Brooklyn 8 |
|